 Dungeon Crawl Stone Soup version 0.21-a0-349-g0c35859 (webtiles) character file.

169 IcyTea the Cudgeler (level 5, -1/32 HPs)
             Began as a Gargoyle Fighter on Oct 8, 2017.
             Slain by an ogre
             ... wielding a +0 giant club
              (8 damage)
             ... on level 4 of the Dungeon.
             The game lasted 00:08:52 (2524 turns).

IcyTea the Cudgeler (Gargoyle Fighter)              Turns: 2524, Time: 00:08:53

Health: -1/32      AC: 15    Str: 19    XL:     5   Next: 50%
Magic:  5/5        EV:  3    Int: 10    God:
Gold:   206        SH:  9    Dex:  9    Spells: 2/4 levels left

rFire    . . .     SeeInvis .   a - +0 flail
rCold    . . .     Gourm    .   c - +0 shield
rNeg     + . .     Faith    .   p - +0 plate armour
rPois    ∞         Spirit   .   (no helmet)
rElec    +         Reflect  .   (no cloak)
rCorr    .         Harm     .   (no gloves)
MR       .....                  (no boots)
Stlth    ..........             (no amulet)
HPRegen  0.10/turn              r - ring of flight
MPRegen  0.09/turn              (no ring)

@: no status effects
A: negative energy resistance 1, electricity resistance, unbreathing,
petrification resistance, rot immunity, AC +4
a: Evoke Flight


You were on level 4 of the Dungeon.
You were not hungry.

You visited 1 branch of the dungeon, and saw 4 of its levels.

You collected 206 gold pieces.

Inventory:

Hand Weapons
 a - a +0 flail (weapon)
Missiles
 i - 15 javelins (quivered)
Armour
 c - a +0 shield (worn)
 p - a +0 plate armour (worn)
Jewellery
 r - a ring of flight (left hand)
Wands
 o - a wand of flame (19/48)
Scrolls
 b - a scroll of recharging {unknown}
 e - 2 scrolls of magic mapping
 l - a scroll of remove curse
 s - a scroll of fog {unknown}
Potions
 d - a potion of might
 g - a potion of mutation {unknown}
 h - a potion of haste {unknown}
 j - a potion of flight {unknown}
 k - a potion of curing
Books
 n - a book of Minor Magic

   Spells                             Type                      Level
   a - Magic Dart                     Conjuration                  1
   b - Blink                          Translocation                2
   c - Call Imp                       Summoning                    2
   d - Slow                           Hexes                        2
   e - Conjure Flame                  Conjuration/Fire             3
   f - Mephitic Cloud                 Conjuration/Poison/Air       3
Comestibles
 f - 2 bread rations
 m - 5 fruits
 q - a royal jelly
 t - 2 chunks of flesh


   Skills:
 - Level 3.2 Fighting
 + Level 5.5 Maces & Flails
 - Level 3.2 Armour
 - Level 3.2 Shields


You had 2 spell levels left.
You knew the following spells:

 Your Spells              Type           Power        Failure   Level  Hunger
a - Blink                 Tloc           N/A          100%        2    ###....


Dungeon Overview and Level Annotations

Branches:
Dungeon (4/15)
 Temple: D:4-7

Altars:
Ashenzari
Dithmenos
Gozag
Vehumet
Zin

Shops:
D:2 *


Innate Abilities, Weirdness & Mutations

You are resistant to torment.
Your stone body is resilient. (AC +4)
You are immune to poison.
You resist negative energy. (rN+)
You are resistant to electric shocks. (rElec)
You can survive without breathing.
You are immune to petrification.
You are immune to rotting.


Message History

There is a stone staircase leading up here.
Found a hunting sling and 11 arrows.
You now have 206 gold pieces (gained 14).
An ogre comes into view. It is wielding a giant club.
The ogre shouts!
The ogre hits you with a giant club!
You sock the ogre!
The ogre is heavily wounded.
The ogre hits you with a giant club.
You hit the ogre.
The ogre is severely wounded.
The ogre barely misses you.
You hit the ogre.
The ogre is severely wounded.
The ogre hits you with a giant club!
* * * LOW HITPOINT WARNING * * *
Your shield and plate armour prevent you from hitting the ogre.
The ogre is severely wounded.
The ogre hits you with a giant club!
You die...

#.######
####......#
#.........# ##
#.........# .#
#.......# #####.###
##.>....# #.......#
#......# #.......#
#......# #.O.....#
### ###).### #@.#
.<## #.....# ##.##
...####.###.###..#
#......<# #...#.##
##..##..#####...#
##.###..# ##..####.
#.. #..###.........
##.##.....)######.#
.##.######


You could see an ogre.

Vanquished Creatures
  A worker ant (D:2)
  An orc wizard (D:3)
  4 adders (D:2)
  An ooze (D:1)
  A worm (D:3)
  4 dart slugs
  A leopard gecko (D:3)
  3 orcs
  2 giant cockroaches (D:1)
  8 goblins
  4 hobgoblins
  4 jackals
  9 kobolds
  A quokka (D:2)
  A ball python skeleton (D:4)
  12 bats
  4 frilled lizards
  5 rats
66 creatures vanquished.

Notes
Turn   | Place    | Note
-------+----------+-------------------------------------------
     0 | D:1      | IcyTea the Gargoyle Fighter began the quest for the Orb.
     0 | D:1      | Reached XP level 1. HP: 14/14 MP: 1/1
   111 | D:1      | Reached XP level 2. HP: 19/19 MP: 2/2
   183 | D:1      | Reached skill level 3 in Maces & Flails
   283 | D:1      | Reached XP level 3. HP: 23/23 MP: 3/3
   945 | D:2      | Reached skill level 4 in Maces & Flails
   951 | D:2      | Reached XP level 4. HP: 25/28 MP: 4/4
   988 | D:2      | Found a shattered altar of Ashenzari.
  1229 | D:2      | Found Gozag's Platinum Reserve.
  1260 | D:2      | Found an opulent altar of Gozag.
  1428 | D:2      | Found a radiant altar of Vehumet.
  1663 | D:3      | Reached skill level 5 in Maces & Flails
  1663 | D:3      | Reached XP level 5. HP: 9/32 MP: 5/5
  1906 | D:3      | Learned a level 2 spell: Blink
  2177 | D:3      | Found a shadowy altar of Dithmenos.
  2308 | D:3      | Found a glowing silver altar of Zin.
  2519 | D:4      | Noticed an ogre
  2524 | D:4      | Slain by an ogre

Vault maps used:
D:1:      matt_arrival_grand_opening, minmay_misc_feat_pillars,
          kennysheep_crisscross, st_stairs_7
D:2:      nicolae_ashenzari_panopticon, marbit_many_paths,
          nicolae_gozag_zags_fifth_avenue
D:3:      grunt_dithmenos_smoke_and_mirrors, zin_statuary, serial_glass,
          glass_columns_a, glass_columns_a, glass_columns_c, glass_columns_a,
          glass_columns_b, glass_columns_a, glass_columns_a, glass_columns_c,
          first_bread, minivault_23
D:4:      kennysheep_generic_room_11

Skill      XL: |  1  2  3  4 |
---------------+-------------+-----
Maces & Flails | 3 4 5 |  5.5
Fighting       | |  3.2
Armour         | |  3.2
Shields        | |  3.2

Action                   |  1- 3 |  4- 6 || total
-------------------------+-------+-------++-------
Melee: Flail             |   104 |   123 ||   227
       Whip              |       |   118 ||   118
  Use: Scroll            |       |     6 ||     6
       Potion            |       |     1 ||     1
  Eat: Chunk             |       |     6 ||     6
Armor: Scale mail        |    55 |   129 ||   184
       Plate armour      |       |    21 ||    21
Dodge: Dodged            |    44 |    60 ||   104
Block: Shield            |    62 |   107 ||   169

Table legend:
 A = Spawn XP
 B = Non-spawn XP
 C = Spawn XP percentage of total XP
 D = Spawn monster count
 E = Non-spawn monster count
 F = Spawn count percentage of total count
 G = Total turns spent on level
                    A         B        C        D         E        F      G
               +---------+---------+-------+---------+---------+-------+---------
         Total |       0 |     242 |   0.0 |       0 |      66 |   0.0 |  2524
               +---------+---------+-------+---------+---------+-------+---------
           D:1 |       0 |      60 |   0.0 |       0 |      29 |   0.0 |   941
           D:2 |       0 |     113 |   0.0 |       0 |      18 |   0.0 |   683
           D:3 |       0 |      65 |   0.0 |       0 |      17 |   0.0 |   852
           D:4 |       0 |       4 |   0.0 |       0 |       2 |   0.0 |    48
               +---------+---------+-------+---------+---------+-------+---------
